 Dungeon Crawl Stone Soup version 0.19.1-1-g22dce08 (console) character file.

410740 Grinner the Minotaur Blade (level 22, -4/168 HPs)
             Began as a Minotaur Monk on Jan 18, 2017.
             Was the Champion of Makhleb.
             Engulfed by an ushabti's foul pestilence (9 damage)
             ... on level 3 of the Crypt on Jan 19, 2017.
             The game lasted 04:14:08 (42120 turns).

Grinner the Minotaur Blade (Minotaur Monk)         Turns: 42120, Time: 04:14:08

Health: -4/168     AC: 31    Str: 18    XL:     22   Next: 14%
Magic:  29/31      EV: 27    Int: 12    God:    Makhleb [******]
Gold:   2777       SH: 14    Dex: 22    Spells: 4 memorised, 14 levels left

rFire  x . .     SeeInvis +     s - +9 double sword (holy)
rCold  + + .     Gourm    .     u - +3 ice dragon scales
rNeg   + . .     Faith    .     h - +0 shield {reflect}
rPois  +         Spirit   .     (helmet unavailable)
rElec  +         Reflect  +     X - +0 cloak {+Inv}
rCorr  .         Harm     .     B - +4 pair of gloves of Tih Yse {rElec rN+ Int+3}
MR     +....     Clarity  +     F - +0 pair of boots
Stlth  +.........               w - amulet of regeneration
                                M - +5 ring of dexterity
                                z - ring of see invisible

@: lethally poisoned (-4 -> -43), very slightly contaminated, non-regenerating,
diseased, slowed, invisible, very slow
A: retaliatory headbutt, claws 1, horns 3, molten scales 1, thin metallic scales
1, blurry vision 1, clarity, poison resistance, shaggy fur 1, weak 1, wild magic
1
a: Minor Destruction, Lesser Servant of Makhleb, Major Destruction, Greater
Servant of Makhleb, Renounce Religion, Turn Visible
}: 3/15 runes: barnacled, abyssal, gossamer


You were on level 3 of the Crypt.
You worshipped Makhleb.
Makhleb was exalted by your worship.
You were not hungry.

You visited 9 branches of the dungeon, and saw 39 of its levels.
You visited the Abyss 3 times.
You also visited: Sewer and Ice Cave.

You collected 4479 gold pieces.
You spent 1702 gold pieces at shops.

Inventory:

Hand Weapons
 a - the +10 demon blade "Fiwurgh" {drain, rElec rF+++ Int-2 Stlth-}
   (You acquired it on level 2 of the Orcish Mines)

   A truly terrible weapon, it drains the life of those it strikes.
   It affects your intelligence (-2).
   It renders you almost immune to fire.
   It insulates you from electricity.
   It makes you less stealthy.
 d - a +4 scimitar of flaming
 s - a +9 double sword of holy wrath (weapon)
Armour
 h - a +0 shield of reflection (worn)
 u - +3 ice dragon scales (worn)
 B - the +4 pair of gloves of Tih Yse (worn) {rElec rN+ Int+3}
   (You found it on level 3 of the Elven Halls)

   It affects your intelligence (+3).
   It insulates you from electricity.
   It protects you from negative energy.
 F - a +0 pair of boots (worn)
 X - a +0 cloak of invisibility (worn)
Rods
 L - a +3 rod of clouds (14/14)
   (You took it off a deep elf high priest on level 3 of the Elven Halls)
 V - a +9 rod of ignition (17/17)
   (You bought it in a shop on level 2 of the Orcish Mines)
Jewellery
 i - an uncursed amulet of rage
 j - a +6 ring of evasion
 l - an uncursed ring of flight
 t - an uncursed ring of resist corrosion
 w - an amulet of regeneration (around neck)
 z - a ring of see invisible (left hand)
 C - an uncursed ring of protection from fire
 M - a +5 ring of dexterity (right hand)
Wands
 g - a wand of teleportation (4/9)
 n - a wand of digging (8/24)
 x - a wand of acid (7/15)
 I - a wand of disintegration (7/24)
 K - a wand of teleportation (4/9)
 P - a wand of lightning (7/15)
 Z - a wand of lightning (7/15)
Scrolls
 f - 3 scrolls of identify
 o - 16 scrolls of teleportation
 q - 3 scrolls of fog
 y - 2 scrolls of magic mapping
 D - 4 scrolls of summoning
 O - 3 scrolls of fear
 R - 4 scrolls of remove curse
 S - 3 scrolls of silence
 U - a scroll of holy word
Potions
 b - 3 potions of cancellation
 e - 3 potions of flight
 k - 9 potions of curing
 m - 4 potions of agility
 p - a potion of cure mutation
 r - 3 potions of haste
 A - 3 potions of lignification
 E - 4 potions of might
 N - 5 potions of resistance
 W - 3 potions of ambrosia
 Y - 3 potions of berserk rage
Miscellaneous
 T - a fan of gales
Comestibles
 c - 8 bread rations
 v - 11 meat rations
 G - 39 fruits
 J - 15 royal jellies


   Skills:
 - Level 8.3 Fighting
 * Level 23.5 Long Blades
 + Level 13.4 Armour
 * Level 22.4 Dodging
 - Level 1.5 Stealth
 + Level 14.6 Shields
 + Level 14.3 Invocations
 + Level 12.7 Evocations


You had 14 spell levels left.
You knew the following spells:

 Your Spells              Type           Power        Failure   Level  Hunger
a - Summon Butterflies    Summ           #.......     92%         1    ##.....
b - Blink                 Tloc           N/A          98%         2    ###....
x - Mephitic Cloud        Conj/Pois/Air  #.......     100%        3    ####...
z - Confusing Touch       Hex            #.....       92%         1    ##.....


Dungeon Overview and Level Annotations

Branches:
Dungeon (14/15)            Temple (1/1) D:6            Lair (6/6) D:8
 Shoals (4/4) Lair:3       Spider (4/4) Lair:4        Slime (0/5) Lair:6
    Orc (2/2) D:12            Elf (3/3) Orc:2        Vaults (2/5) D:14
  Crypt (3/3) Vaults:2
   Tomb: Crypt:3

Altars:
Ashenzari
Cheibriados
Dithmenos
Elyvilon
Fedhas
Gozag
Hepliaklqana
Kikubaaqudgha
Makhleb
Nemelex Xobeh
Okawaru
Qazlal
Ru
Sif Muna
Trog
Uskayaw
Vehumet
Xom
Yredelemnul
Zin
The Shining One
Beogh
Lugonu

Shops:
D:10 [   D:13 :   D:14 !   Orc:1 %   Orc:2 **(*   Elf:2 }   Shoals:2 *

Portals:
Trove: D:12 (give 4 potions of cure mutation)

Annotations:
Shoals:3 exclusion: oklob plant
Elf:3 1 exclusion
Crypt:3 Xtahua


Innate Abilities, Weirdness & Mutations

You reflexively headbutt those who attack you in melee.
You have a pair of large horns on your head.
You have sharp fingernails.
You are partially covered in molten scales. (AC +2)
You are partially covered in thin metallic scales. (AC +2)
Scrolls take you a little longer to read.
You possess an exceptional clarity of mind.
Your system is resistant to poisons. (rPois)
You are covered in fur. (AC +1)
You are weak. (Str -2)
Your spells are a little harder to cast, but a little more powerful.


Message History

* * * LOW HITPOINT WARNING * * *
An eidolon comes into view.
The eidolon gestures.
The eidolon radiates an aura of fear!
You are unaffected.
The anaconda zombie misses you. You furiously retaliate!
You headbutt the anaconda zombie, but do no damage.
You riposte.
You slash the anaconda zombie!
The anaconda zombie convulses!
The anaconda zombie is heavily damaged.
Okay, then.
Really read with blurry vision while enemies are nearby?
* * * LOW HITPOINT WARNING * * *
You feel sick.
The ushabti shakes and rattles.
The vile air hits you! Xtahua closely misses you. Xtahua barely misses you.
You block Xtahua's attack.
The anaconda zombie completely misses you.
You begin reading the scroll.
You continue reading the scroll.
You are engulfed in dark miasma.
You are more poisoned.
You die...

##..#...# ♣#.......# $$
.#.......# $..
.♣.......# .M .P..♣.♣.♣#
#. ..♣.....♣ ###.## ♣♣♣♣
♣...♣♣♣♣♣♣#...§. .§.♣♣♣♣
.♣.♣♣.....##...##§.....♣
..♣♣..8.......MD@§8.....
.♣♣.........8..8.Z......
.♣......8...........8...
♣♣..8.................W.
P♣.....8.......8........
♣♣♣....................8
......8....8.......8....
♣♣.............8........
♣♣.8..................


You could see Xtahua, an eidolon, a mummy priest, an ushabti and an anaconda
zombie.

Vanquished Creatures
  Bai Suzhen (Shoals:3)
  A profane servitor (Abyss:3)
  Jory (Crypt:1)
  Arachne (Spider:4)
  A tentacled monstrosity (Abyss:4)
  3 deep elf blademasters (Elf:3)
  A deep elf master archer (Elf:3)
  Polyphemus (Shoals:4)
  5 tentacled starspawn
  2 ancient champions
  A kraken (Shoals:4)
  Gastronok (D:9)
  The ghost of groovy9 the Eclecticist, an adept DECj of Vehumet (Spider:3)
  The ghost of tself55 the Imperceptible, an adept SpEn of Dithmenos (Vaults:2)
  Donald (Elf:3)
  Ilsuiw (Shoals:4)
  8 deep elf sorcerers
  2 emperor scorpions (Spider:4)
  6 vault wardens
  Aizul (Spider:1)
  5 ghouls
  7 ironheart preservers
  5 deep elf elementalists (Elf:3)
  7 ghost moths
  An entropy weaver (shapeshifter) (Elf:2)
  A stone giant (Shoals:1)
  4 vampire knights
  A black draconian (Abyss:4)
  2 deep elf demonologists (Elf:3)
  3 entropy weavers
  Azrael (D:14)
  7 deep elf annihilators
  3 spark wasps (Spider:4)
  8 eidola
  10 deep elf death magi
  8 merfolk javelineers
  2 blizzard demons (Abyss:5)
  10 merfolk impalers
  2 ogre magi
  4 deep elf high priests (Elf:3)
  3 yaktaur captains
  5 jiangshi
  A fire dragon (Vaults:1)
  A great orb of eyes (Abyss:4)
  11 vault guards
  2 ice dragons
  4 rakshasas
  Erica (D:8)
  3 hydras
  4 merfolk aquamancers (Shoals:4)
  3 centaur warriors
  4 merfolk avatars
  A catoblepas (Shoals:4)
  An alligator snapping turtle (Shoals:4)
  9 death yaks
  A satyr (Shoals:4)
  29 dancing weapons
  A tengu warrior (D:13)
  2 titan zombies (Crypt:3)
  A death knight (Vaults:1)
  Urug (D:14)
  A vampire mage (Crypt:1)
  11 thrashing horrors
  4 orc high priests
  16 deep elf knights
  6 small abominations
  Nergalle (Lair:1)
  2 soul eaters
  A storm dragon zombie (Crypt:3)
  A spatial maelstrom (Abyss:4)
  A spark wasp zombie (Crypt:2)
  A shadow wraith (Vaults:2)
  17 skeletal warriors
  A sixfirhy (Abyss:3)
  An anaconda zombie (Crypt:3)
  9 sea snakes
  A shadow demon (Abyss:5)
  4 deep trolls
  5 unseen horrors
  10 hill giants
  7 phantasmal warriors (Crypt:3)
  20 starcursed masses
  A glowing orange brain (Abyss:4)
  An anaconda skeleton (Crypt:1)
  2 necromancers (Crypt:2)
  A wolf spider zombie (Crypt:2)
  9 ironbrand convokers
  Pikel (D:8)
  4 wizards
  10 deep elf archers
  9 large abominations
  An iron dragon zombie (Crypt:3)
  20 orb spiders
  33 wolf spiders
  8 orc knights
  49 deep elf magi
  A fire giant zombie (Crypt:3)
  A harpy (Shoals:4)
  13 manticores
  A stone giant zombie (Crypt:2)
  13 ugly things
  2 frost giant zombies (Crypt:3)
  3 fauns
  6 orc sorcerers
  15 cyclopes
  2 worldbinders
  2 ice statues (IceCv)
  Maurice (D:12)
  6 vault sentinels
  12 sirens
  A moth of wrath (Spider:1)
  2 black mambas
  7 water nymphs
  An eye of devastation (shapeshifter) (Vaults:2)
  A dire elephant zombie (Crypt:3)
  3 smoke demons
  A gargoyle (D:12)
  2 apocalypse crabs
  A torpor snail (Spider:1)
  4 spiny frogs
  A storm dragon simulacrum (Crypt:2)
  A yellow draconian zombie (Crypt:2)
  A purple draconian zombie (Crypt:3)
  An orange demon (Abyss:4)
  6 komodo dragons
  A redback zombie (Crypt:2)
  8 freezing wraiths
  2 ice devils (Lair:2)
  14 demonic crawlers
  4 rime drakes
  7 ancient zymes
  15 yaktaurs
  A tormentor (Abyss:5)
  A queen bee (D:14)
  A guardian mummy (Crypt:1)
  34 jumping spiders
  2 tengu conjurers
  35 merfolk
  A harpy zombie (Crypt:3)
  12 polar bears
  A queen bee (shapeshifter) (Vaults:1)
  2 hydra zombies (Crypt:3)
  3 meliai (D:14)
  A troll (shapeshifter) (Abyss:3)
  10 trolls
  6 hornets
  6 wind drakes
  5 two-headed ogres
  8 raiju
  18 snapping turtles
  A tarantella zombie (Crypt:2)
  A bog body (Crypt:1)
  2 ice dragon zombies (Crypt:3)
  13 slime creatures
  13 hippogriffs
  3 human simulacra
  22 blink frogs
  11 dream sheep
  A guardian serpent zombie (Crypt:1)
  Sigmund (D:4)
  4 flying skulls (Abyss:5)
  3 shadows
  5 water elementals
  A shock serpent simulacrum (Crypt:2)
  A spriggan (Lair:3)
  An ettin skeleton (Crypt:2)
  114 redbacks
  3 air elementals (Elf:3)
  2 wyverns
  An ushabti (Crypt:3)
  26 yaks
  9 wraiths
  Eustachio (D:4)
  29 tarantellas
  2 basilisks
  A chaos spawn (Abyss:3)
  2 hungry ghosts
  A fire bat (Abyss:4)
  A golden eye (shapeshifter) (D:13)
  A hill giant skeleton (Crypt:2)
  4 fire elementals
  3 neqoxecs
  3 mottled dragons
  2 steam dragons
  9 wargs
  A faun zombie (Crypt:2)
  2 soldier ants
  Edmund (D:6)
  A water moccasin (shapeshifter) (Abyss:4)
  6 hell hounds
  10 porcupines
  A hornet zombie (D:6)
  9 water moccasins
  5 sky beasts
  A snapping turtle zombie (Crypt:3)
  19 ice beasts
  5 phantoms
  18 black bears
  23 orc warriors
  7 necrophages
  22 ogres
  8 boggarts (Vaults:1)
  24 wolves
  8 centaurs
  13 crocodiles
  A salamander zombie (Crypt:2)
  20 bullfrogs
  A big kobold (D:9)
  A hippogriff skeleton (Crypt:1)
  An elf zombie (D:8)
  4 earth elementals
  A warg zombie (Crypt:1)
  A wyvern skeleton (D:14)
  A troll zombie (D:8)
  3 scorpions
  The ghost of Grinner the Slasher, a weakling MiMo (D:3)
  An orc simulacrum (Vaults:1)
  2 howler monkeys
  32 killer bees
  A spriggan skeleton (Crypt:2)
  23 wights
  8 electric eels
  A yak skeleton (Crypt:1)
  6 crimson imps
  6 quasits
  4 bullfrog zombies
  4 centaur zombies
  A soldier ant zombie (Crypt:2)
  5 human zombies
  16 orc priests
  3 bullfrog skeletons
  24 hounds
  3 jellies
  2 centaur skeletons
  A black bear skeleton (Crypt:2)
  3 iguanas
  24 orc wizards
  3 human skeletons (Crypt:1)
  9 worker ants
  4 lightning spires (Abyss:5)
  2 killer bee zombies
  A demigod zombie (Crypt:2)
  A sky beast zombie (Crypt:1)
  A mottled dragon skeleton (Crypt:1)
  6 mummies
  A howler monkey skeleton (Crypt:1)
  3 worker ant zombies
  11 adders
  3 gnolls (D:8)
  7 river rats
  A steam dragon zombie (Crypt:2)
  3 shadow imps
  6 white imps
  2 ufetubi
  An ooze (Sewer)
  3 adder zombies
  An iguana zombie (Crypt:2)
  An adder skeleton (D:5)
  3 worms
  A dart slug (D:2)
  4 leopard geckos
  87 orcs
  5 ball pythons (Sewer)
  21 bats
  A bat zombie (D:1)
  13 giant cockroaches
  11 goblins
  9 hobgoblins
  5 jackals (D:2)
  27 kobolds
  4 quokkas
  3 frilled lizards
  A kobold skeleton (Crypt:1)
  3 leopard gecko skeletons
  A leopard gecko zombie (D:5)
  A quokka skeleton (D:4)
  35 rats
  A butterfly (Lair:5)
  2 crawling corpses (Elf:3)
  A lurking horror (Abyss:4)
  A plant (Shoals:1)
  7 starspawn tentacles
  3 tentacles (Shoals:4)
1803 creatures vanquished.

Vanquished Creatures (collateral kills)
  An ice dragon (IceCv)
  A centaur warrior (D:14)
  An ugly thing (D:14)
  A faun (Shoals:3)
  A manticore (Shoals:3)
  2 slime creatures (D:12)
  A smoke demon (Abyss:5)
  A merfolk (Shoals:3)
  A snapping turtle (Shoals:3)
  A fire elemental (D:14)
  A hungry ghost (D:14)
  2 hell hounds (D:14)
  A centaur (D:14)
  A rat (D:8)
  A plant (Shoals:3)
17 creatures vanquished.

Vanquished Creatures (others)
  3 deep elf master archers (Elf:3)
  A vault warden (Vaults:1)
  A merfolk javelineer (Shoals:4)
  A sun demon (Abyss:4)
  A deep elf archer (Vaults:1)
  A wizard (Vaults:1)
  A cyclops (Shoals:1)
  A demonic crawler (Spider:2)
  A polar bear (shapeshifter) (Vaults:1)
  A redback (Spider:3)
  A water elemental (Elf:2)
  An orc warrior (D:6)
  An ice beast (D:13)
  A large abomination (Abyss:4)
  A boggart (Vaults:1)
  A centaur (Lair:3)
  A wolf (Lair:6)
  A scorpion (D:6)
  3 orc wizards
  A gnoll (D:6)
  A leopard gecko (D:6)
  7 orcs
  19 fungi
  56 plants
  10 starspawn tentacles
  3 tentacles (Shoals:4)
  3 withered plants (Crypt:3)
123 creatures vanquished.

Grand Total: 1943 creatures vanquished

Notes
Turn   | Place    | Note
-------+----------+-------------------------------------------
     0 | D:1      | Grinner the Minotaur Monk began the quest for the Orb.
     0 | D:1      | Reached XP level 1. HP: 19/19 MP: 0/0
   244 | D:1      | Reached skill level 4 in Long Blades
   246 | D:1      | Reached XP level 2. HP: 26/26 MP: 1/1
   479 | D:1      | Reached XP level 3. HP: 30/31 MP: 2/2
  1229 | D:2      | Reached skill level 5 in Long Blades
  1242 | D:2      | Reached XP level 4. HP: 36/39 MP: 3/3
  1607 | D:3      | Noticed Grinner's ghost (weakling MiMo)
  1942 | D:3      | Killed Grinner's ghost
  2422 | D:3      | Found a sparkling altar of Nemelex Xobeh.
  2450 | D:3      | Reached XP level 5. HP: 44/45 MP: 4/4
  2458 | D:3      | Reached skill level 5 in Dodging
  3118 | D:4      | Noticed Eustachio
  3136 | D:4      | Killed Eustachio
  3136 | D:4      | Reached skill level 6 in Long Blades
  3136 | D:4      | Reached XP level 6. HP: 51/51 MP: 5/5
  3168 | D:4      | Found a blossoming altar of Fedhas.
  3400 | D:4      | Gained mutation: Your system is resistant to poisons. (rPois) [potion of mutation]
  3400 | D:4      | Gained mutation: You possess an exceptional clarity of mind. [potion of mutation]
  3400 | D:4      | Gained mutation: You are covered in fur. (AC +1) [potion of mutation]
  3415 | D:4      | Reached skill level 7 in Long Blades
  3420 | D:4      | Gained mutation: You have a pair of large horns on your head. [potion of mutation]
  3420 | D:4      | Gained mutation: You are weak. (Str -2) [potion of mutation]
  3420 | D:4      | Gained mutation: Your body sometimes deteriorates upon taking damage. [potion of mutation]
  3421 | D:4      | Lost mutation: Your body sometimes deteriorates upon taking damage. [potion of mutation]
  3421 | D:4      | Gained mutation: Your spells are a little harder to cast, but a little more powerful. [potion of mutation]
  3500 | D:4      | Noticed Sigmund
  3514 | D:4      | Killed Sigmund
  3514 | D:4      | Reached XP level 7. HP: 52/57 MP: 6/6
  3529 | D:4      | Gained mutation: Scrolls take you a little longer to read. [potion of mutation]
  3529 | D:4      | Gained mutation: You are partially covered in molten scales. (AC +2) [potion of mutation]
  4004 | D:5      | Entered Level 5 of the Dungeon
  4012 | D:5      | Reached skill level 8 in Long Blades
  4029 | D:5      | Found a snail-covered altar of Cheibriados.
  4048 | D:5      | Noticed a hippogriff
  4056 | D:5      | Killed a hippogriff
  4056 | D:5      | Reached XP level 8. HP: 39/64 MP: 7/7
  4082 | D:5      | Found a shadowy altar of Dithmenos.
  4125 | D:5      | Reached skill level 9 in Long Blades
  4283 | D:5      | Found a deep blue altar of Sif Muna.
  4359 | D:5      | Found a glowing drain.
  4408 | Sewer    | Entered a sewer
  5030 | D:5      | Reached skill level 10 in Long Blades
  5485 | D:5      | Reached skill level 1 in Evocations
  5725 | D:6      | Noticed Edmund
  5739 | D:6      | Killed Edmund
  5739 | D:6      | Reached XP level 9. HP: 63/70 MP: 8/8
  5849 | D:5      | Found a deep blue altar of Sif Muna.
  5954 | D:5      | Found a snail-covered altar of Cheibriados.
  5978 | D:5      | Found a shadowy altar of Dithmenos.
  6572 | D:6      | Found a shimmering altar of Xom.
  6785 | D:6      | Reached skill level 10 in Dodging
  6832 | D:6      | Found a staircase to the Ecumenical Temple.
  6874 | Temple   | Entered the Ecumenical Temple
  6911 | Temple   | Became a worshipper of Makhleb the Destroyer
  6911 | Temple   | Reached * piety under Makhleb
  6911 | Temple   | Reached ** piety under Makhleb
  7114 | D:6      | Found a stormy altar of Qazlal.
  7307 | D:6      | Reached skill level 11 in Long Blades
  7775 | D:7      | Found an iron altar of Okawaru.
  7794 | D:7      | Reached skill level 1 in Invocations
  8295 | D:7      | Found a glowing golden altar of the Shining One.
  8588 | D:8      | Found a sacrificial altar of Ru.
  8599 | D:8      | Reached XP level 10. HP: 74/77 MP: 11/11
  8606 | D:8      | Reached skill level 1 in Shields
  8724 | D:8      | Noticed a centaur warrior
  8745 | D:8      | Killed a centaur warrior
  8745 | D:8      | Reached skill level 12 in Long Blades
  9064 | D:8      | Reached *** piety under Makhleb
  9115 | D:8      | Lost mutation: Scrolls take you a little longer to read. [potion of mutation]
  9115 | D:8      | Gained mutation: You are partially covered in thin metallic scales. (AC +2) [potion of mutation]
  9115 | D:8      | Gained mutation: You have sharp fingernails. [potion of mutation]
  9152 | D:8      | Found a staircase to the Lair.
  9159 | D:8      | Noticed Erica
  9177 | D:8      | Killed Erica
  9182 | D:8      | Noticed Pikel
  9190 | D:8      | Killed Pikel
  9190 | D:8      | Reached skill level 5 in Shields
  9406 | D:8      | Reached XP level 11. HP: 61/82 MP: 13/13
  9439 | D:8      | Found a basalt altar of Yredelemnul.
  9593 | D:8      | Found a glowing silver altar of Zin.
  9594 | D:8      | Found an opulent altar of Gozag.
  9707 | D:8      | Reached **** piety under Makhleb
 10055 | D:9      | Noticed Gastronok
 10073 | D:9      | Killed Gastronok
 10073 | D:9      | Reached skill level 13 in Long Blades
 10499 | D:10     | Entered Level 10 of the Dungeon
 10786 | D:10     | Reached skill level 5 in Evocations
 10984 | D:10     | Found Teluajut's Armour Shop.
 11037 | D:10     | Noticed a hill giant
 11047 | D:10     | Killed a hill giant
 11146 | D:10     | Noticed a hill giant
 11153 | D:10     | Killed a hill giant
 11429 | D:10     | Reached ***** piety under Makhleb
 11656 | D:11     | Reached skill level 5 in Invocations
 11698 | D:11     | Reached XP level 12. HP: 78/89 MP: 15/15
 12184 | D:11     | Reached skill level 14 in Long Blades
 12470 | D:12     | Noticed a four-headed hydra
 12475 | D:12     | Killed a two-headed hydra
 12626 | D:12     | Found a staircase to the Orcish Mines.
 12680 | D:12     | Noticed Maurice
 12702 | D:12     | Killed Maurice
 13087 | D:12     | Found a portal to a secret trove of treasure.
 13161 | D:13     | Found Baxu's Book Shoppe.
 13482 | D:13     | Reached ****** piety under Makhleb
 13520 | D:13     | Noticed a tengu warrior
 13548 | D:13     | Killed a tengu warrior
 13550 | D:13     | Reached skill level 10 in Shields
 13765 | D:14     | Noticed a vault guard
 13765 | D:14     | Noticed a vault guard
 13766 | D:14     | Found a gate to the Vaults.
 13766 | D:14     | Noticed a vault guard
 13767 | D:14     | Noticed a vault guard
 13767 | D:14     | Noticed a vault guard
 13767 | D:14     | Noticed a vault guard
 13767 | D:14     | Noticed a vault guard
 13768 | D:14     | Noticed a vault guard
 13789 | D:14     | Killed a vault guard
 13814 | D:14     | Killed a vault guard
 13819 | D:14     | Killed a vault guard
 13829 | D:14     | Reached XP level 13. HP: 46/94 MP: 16/16
 13921 | D:14     | Noticed Urug
 13933 | D:14     | Killed Urug
 14070 | D:14     | Found Laxzad's Distillery.
 14134 | D:14     | Found a roughly hewn altar of Beogh.
 14138 | D:14     | Reached skill level 15 in Long Blades
 14272 | D:14     | Noticed Azrael
 14291 | D:14     | Killed Azrael
 15361 | Orc:1    | Entered Level 1 of the Orcish Mines
 15361 | Orc:1    | Found Qanecod's Food Shop.
 15547 | Orc:2    | Entered Level 2 of the Orcish Mines
 15635 | Orc:2    | Found a staircase to the Elven Halls.
 15895 | Orc:1    | Found a bloodstained altar of Trog.
 16032 | Orc:2    | Reached skill level 15 in Dodging
 16206 | Orc:2    | Reached skill level 16 in Long Blades
 16219 | Orc:2    | Reached XP level 14. HP: 102/102 MP: 15/18
 16562 | Orc:2    | Found Daer's Assorted Antiques.
 16562 | Orc:2    | Found Lestro's Assorted Antiques.
 16565 | Orc:2    | Found Maclus's Assorted Antiques.
 16565 | Orc:2    | Found Legil's Antique Weapon Shoppe.
 16577 | Orc:2    | Bought an emerald ring for 145 gold pieces
 16578 | Orc:2    | Bought a pitted scimitar for 243 gold pieces
 16578 | Orc:2    | Bought a bloodstained scimitar for 243 gold pieces
 16580 | Orc:2    | Bought a short glowing rod for 360 gold pieces
 16580 | Orc:2    | Identified the cursed +1 scimitar "Ripsoaha" {elec, rElec rC+ Int-2} (You bought it in a shop on level 2 of the Orcish Mines)
 16588 | Orc:2    | Identified the cursed +2 scimitar of Turmoil {vamp, +Fly rPois} (You bought it in a shop on level 2 of the Orcish Mines)
 16783 | Lair:1   | Entered Level 1 of the Lair of Beasts
 16922 | Lair:1   | Noticed Nergalle
 16943 | Lair:1   | Killed Nergalle
 17445 | Lair:2   | Identified a +0 rod of ignition (11/11) (You bought it in a shop on level 2 of the Orcish Mines)
 17476 | Lair:2   | Found a frozen archway.
 17510 | IceCv    | Entered an ice cave
 18457 | Orc:2    | Bought a scroll of identify for 66 gold pieces
 18457 | Orc:2    | Bought a scroll labeled ETUPYA DO KOWO for 33 gold pieces
 18457 | Orc:2    | Bought a scroll of identify for 66 gold pieces
 18457 | Orc:2    | Bought a scroll labeled ZOS HEONEILAHA for 33 gold pieces
 18457 | Orc:2    | Bought 3 scrolls labeled QUHUUPT VINN for 99 gold pieces
 18473 | Orc:2    | Bought a scroll of identify for 58 gold pieces
 18473 | Orc:2    | Bought a dark potion for 26 gold pieces
 18473 | Orc:2    | Bought a scroll of teleportation for 87 gold pieces
 18482 | Orc:2    | Reached XP level 15. HP: 121/121 MP: 19/19
 18505 | Orc:2    | Got a shimmering demon blade
 18506 | Orc:2    | Identified the +10 demon blade "Fiwurgh" {drain, rElec rF+++ Int-2 Stlth-} (You acquired it on level 2 of the Orcish Mines)
 19361 | Lair:3   | Found a staircase to the Shoals.
 20383 | Lair:4   | Found a hole to the Spider Nest.
 20483 | Lair:4   | Reached skill level 17 in Long Blades
 21754 | Lair:6   | Entered Level 6 of the Lair of Beasts
 21854 | Lair:6   | Found a staircase to the Slime Pits.
 22195 | Lair:6   | Reached XP level 16. HP: 128/128 MP: 21/21
 22989 | Spider:1 | Entered Level 1 of the Spider Nest
 23295 | Spider:1 | Noticed Aizul
 23309 | Spider:1 | Killed Aizul
 23309 | Spider:1 | Reached skill level 18 in Long Blades
 23761 | Spider:2 | Reached skill level 1 in Armour
 24421 | Spider:3 | Noticed groovy9's ghost (adept DECj)
 24433 | Spider:3 | Killed groovy9's ghost
 24693 | Spider:3 | Reached skill level 10 in Invocations
 24877 | Spider:3 | Reached XP level 17. HP: 113/134 MP: 23/23
 25221 | Spider:4 | Entered Level 4 of the Spider Nest
 25443 | Spider:4 | Identified the cursed +0 shield "Mefac" {-Tele rElec Regen+ Str+4} (You found it on level 4 of the Spider Nest)
 25461 | Spider:4 | Reached skill level 19 in Long Blades
 25511 | Spider:4 | Reached skill level 5 in Armour
 25545 | Spider:4 | Noticed Arachne
 25567 | Spider:4 | Killed Arachne
 26004 | Spider:4 | Got a gossamer rune of Zot
 26363 | Shoals:1 | Entered Level 1 of the Shoals
 27003 | Shoals:1 | Reached skill level 10 in Evocations
 27281 | Shoals:2 | Found Nufrerao's Assorted Antiques.
 27297 | Shoals:2 | Bought a polished scimitar for 243 gold pieces
 27297 | Shoals:2 | Identified the cursed +1 scimitar of Courage {slice, rC+ rN++} (You bought it in a shop on level 2 of the Shoals)
 27334 | Shoals:2 | Found a deep blue altar of Sif Muna.
 27676 | Shoals:3 | Noticed Bai Suzhen
 27734 | Shoals:3 | Killed Bai Suzhen
 27734 | Shoals:3 | Reached XP level 18. HP: 8/141 MP: 25/25
 28348 | Shoals:3 | Noticed Mara
 28364 | Shoals:3 | Noticed Grinner's illusion
 28783 | Shoals:3 | Reached skill level 20 in Long Blades
 28979 | Shoals:3 | Learned a level 1 spell: Confusing Touch
 29011 | Shoals:3 | Noticed Grinner's illusion
 29048 | Shoals:3 | Noticed Grinner's illusion
 29437 | Shoals:4 | Entered Level 4 of the Shoals
 29517 | Shoals:4 | Got a barnacled rune of Zot
 29549 | Shoals:4 | Noticed Ilsuiw
 29569 | Shoals:4 | Killed Ilsuiw
 29669 | Shoals:4 | Noticed Polyphemus
 29691 | Shoals:4 | Killed Polyphemus
 30350 | Shoals:4 | Identified Honat's Guide on Flying Translocation
 30354 | Shoals:4 | Learned a level 2 spell: Blink
 30911 | Elf:1    | Entered Level 1 of the Elven Halls
 31098 | Elf:1    | Cast into level 3 of the Abyss (a deep elf sorcerer)
 31140 | Abyss:3  | Found a sacrificial altar of Ru.
 31152 | Abyss:3  | Noticed a profane servitor
 31164 | Abyss:3  | Killed a profane servitor
 31323 | Abyss:3  | Reached XP level 19. HP: 148/148 MP: 27/27
 31414 | Abyss:5  | Entered Level 5 of the Abyss
 31414 | Abyss:5  | Found a corrupted altar of Lugonu.
 31621 | Abyss:5  | Got an abyssal rune of Zot
 31650 | Abyss:5  | Reached skill level 21 in Long Blades
 31734 | Elf:1    | Escaped the Abyss
 32751 | Elf:2    | Learned a level 3 spell: Mephitic Cloud
 32771 | Elf:3    | Entered Level 3 of the Elven Halls
 32942 | Elf:2    | Found a runed gate.
 32942 | Elf:2    | Found a runed gate.
 32943 | Elf:2    | Found a runed gate.
 32995 | Elf:2    | Found Aruzid's Gadget Boutique.
 33310 | Elf:2    | Reached skill level 10 in Armour
 34234 | Elf:3    | Noticed Donald
 34411 | Elf:3    | Got a pair of warped gloves
 34412 | Elf:3    | Identified the +4 pair of gloves of Tih Yse {rElec rN+ Int+3} (You found it on level 3 of the Elven Halls)
 35034 | Elf:3    | Killed Donald
 35303 | Elf:3    | Reached XP level 20. HP: 155/155 MP: 28/28
 35391 | Elf:3    | Identified a +1 rod of clouds (13/13) (You took it off a deep elf high priest on level 3 of the Elven Halls)
 35650 | Elf:3    | Reached skill level 22 in Long Blades
 35708 | Elf:3    | Cast into level 3 of the Abyss (a deep elf sorcerer)
 35890 | Elf:3    | Escaped the Abyss
 35967 | Elf:3    | Got a clouded platinum ring
 36003 | Elf:3    | Identified the ring of Omerch {*Tele Str+2 Slay+3} (You took it off a deep elf mage on level 3 of the Elven Halls)
 36012 | Elf:3    | Got a dazzling cloak
 36023 | Elf:3    | Identified the cursed +0 cloak "Foewid" {Dex+4} (You found it on level 3 of the Elven Halls)
 36140 | Elf:3    | Identified Hakeul's Volume of Glacial Contamination
 36157 | Elf:3    | Learned a level 1 spell: Summon Butterflies
 36231 | Elf:3    | Cast into level 3 of the Abyss (a deep elf sorcerer)
 36515 | Abyss:4  | Gained mutation: Scrolls take you a little longer to read. [a neqoxec]
 36686 | Elf:3    | Escaped the Abyss
 36899 | Elf:2    | Got a pair of distressingly furry boots
 36910 | Elf:2    | Identified the cursed -3 pair of boots "Liofe" {MR+ Str-4 Int-5 Dex+9} (You found it on level 2 of the Elven Halls)
 37269 | Vaults:1 | Entered Level 1 of the Vaults
 37883 | Vaults:1 | Reached XP level 21. HP: 158/161 MP: 30/30
 38998 | Vaults:2 | Noticed tself55's ghost (adept SpEn)
 39029 | Vaults:2 | Killed tself55's ghost
 39078 | Vaults:2 | Found a deep blue altar of Sif Muna.
 39372 | Vaults:2 | Reached skill level 23 in Long Blades
 39904 | Vaults:2 | Found a staircase to the Crypt.
 40301 | Crypt:1  | Entered Level 1 of the Crypt
 40521 | Crypt:1  | Noticed Jory
 40532 | Crypt:1  | Killed Jory
 41655 | Crypt:3  | Entered Level 3 of the Crypt
 41785 | Crypt:3  | Reached XP level 22. HP: 168/168 MP: 31/31
 41838 | Crypt:3  | Identified the Tome of Dark Magic
 42115 | Crypt:3  | Noticed Xtahua
 42118 | Crypt:3  | HP: 6/168 [mummy priest/divine providence (16)]
 42120 | Crypt:3  | Engulfed by an ushabti's foul pestilence

Skill      XL: |  1  2  3  4  5  6  7  8  9 10 11 12 13 14 15 16 17 18 19 20 21 |
---------------+----------------------------------------------------------------+-----
Long Blades    | 4 5 6 7 8 10 11 12 13 14 16 17 18 19 20 21 22 23 | 23.5
Dodging        | 4 5 7 8 9 11 12 13 15 16 17 18 19 20 21 22 | 22.4
Evocations     | 1 3 4 5 6 7 8 9 10 11 12 | 12.7
Invocations    | 2 3 5 6 7 8 10 11 12 13 14 | 14.3
Shields        | 5 8 10 11 12 13 14 | 14.6
Fighting       | 8 |  8.3
Armour         | 4 7 9 10 12 13 | 13.4
Stealth        | |  1.5

Action                   |  1- 3 |  4- 6 |  7- 9 | 10-12 | 13-15 | 16-18 | 19-21 | 22-24 || total
-------------------------+-------+-------+-------+-------+-------+-------+-------+-------++-------
Melee: Short sword       |    57 |   111 |    52 |       |       |       |       |       ||   220
       Falchion          |     3 |    13 |   350 |       |       |       |       |       ||   366
       Headbutt          |     9 |    18 |    95 |   168 |   237 |   566 |   738 |    53 ||  1884
       Scimitar          |       |       |    27 |   763 |   681 |       |     2 |       ||  1473
       Demon blade       |       |       |       |       |   358 |  1709 |  1820 |       ||  3887
       Double sword      |       |       |       |       |       |    44 |   402 |   152 ||   598
Invok: Lesser Servant of |       |       |       |     1 |    11 |    23 |       |       ||    35
       Major Destruction |       |       |       |       |     4 |     3 |     1 |       ||     8
       Greater Servant o |       |       |       |       |       |     1 |     5 |       ||     6
 Abil: Evoke Berserk Rag |       |       |       |     7 |     9 |     7 |     3 |       ||    26
       Evoke Invisibilit |       |       |       |     3 |     6 |     5 |     6 |     1 ||    21
Evoke: Wand              |       |     1 |     3 |     7 |     3 |     5 |     2 |       ||    21
       Rod               |       |       |       |       |     3 |     3 |       |       ||     6
       Fan of gales      |       |       |       |       |       |     1 |       |       ||     1
  Use: Potion            |       |     3 |     8 |     5 |     4 |    20 |     1 |     1 ||    42
       Scroll            |       |       |    14 |     6 |    31 |    25 |    13 |       ||    89
 Stab: Sleeping          |     6 |     6 |     9 |     5 |     1 |       |       |       ||    27
       Confused          |       |       |     1 |       |       |       |       |       ||     1
       Invisible         |       |       |       |     3 |    22 |    46 |    21 |       ||    92
       Distracted        |       |       |       |       |     4 |     1 |     5 |       ||    10
       Petrified         |       |       |       |       |       |    21 |       |       ||    21
       Petrifying        |       |       |       |       |       |     2 |       |       ||     2
       Held in net/web   |       |       |       |       |       |     1 |       |       ||     1
  Eat: Chunk             |       |     8 |    12 |    32 |    10 |     7 |    15 |       ||    84
       Meat ration       |       |       |     1 |       |     1 |     3 |     1 |       ||     6
       Bread ration      |       |       |       |     1 |     5 |     4 |     5 |       ||    15
       Royal jelly       |       |       |       |       |     2 |       |       |       ||     2
       Fruit             |       |       |       |       |       |     3 |     3 |       ||     6
       Pizza             |       |       |       |       |       |     1 |       |       ||     1
Armor: Robe              |    14 |    10 |    89 |    62 |       |       |       |       ||   175
       Troll leather arm |       |       |       |    60 |    60 |       |       |       ||   120
       Ice dragon scales |       |       |       |       |    50 |   459 |   382 |    34 ||   925
Dodge: Dodged            |    38 |    72 |   337 |   451 |   451 |  1215 |  1160 |    99 ||  3823
Block: Large shield      |       |       |     1 |   555 |   478 |       |       |       ||  1034
       Buckler           |       |       |       |       |   161 |   866 |   215 |       ||  1242
       Reflection        |       |       |       |       |     2 |    56 |    55 |       ||   113
       Shield            |       |       |       |       |       |       |   748 |    74 ||   822
       Rpst.: Falchion   |     2 |     2 |    71 |       |       |       |       |       ||    75
       Scimitar          |       |       |     3 |   102 |    69 |       |       |       ||   174
       Demon blade       |       |       |       |       |    35 |   258 |   198 |       ||   491
       Double sword      |       |       |       |       |       |     8 |    46 |    17 ||    71
